 Dungeon Crawl Stone Soup version 0.27-a0-1136-g0b992a5a9d (webtiles) character file.

Game seed: 10105488870877533431

57 DocEon the Ruffian (level 3, 0/28 HPs)
             Began as a Draconian Transmuter on May 5, 2021.
             Slain by a goblin
             ... wielding a +0 club
             ... led by Robin
              (1 damage)
             ... on level 2 of the Dungeon.
             The game lasted 00:00:57 (1149 turns).

DocEon the Ruffian (Draconian Transmuter)           Turns: 1149, Time: 00:00:57

Health: 0/28       AC:  5    Str: 13    XL:     3   Next: 73%
Magic:  3/6        EV: 12    Int: 13    God:
Gold:   63         SH:  0    Dex: 11    Spells: 1/7 levels left

rFire    . . .     SeeInvis .     - Unarmed
rCold    . . .     Faith    .   (no shield)
rNeg     . . .     Spirit   .   (armour unavailable)
rPois    .         Reflect  .   (helmet restricted)
rElec    .         Harm     .   (no cloak)
rCorr    .         Rampage  .   (no gloves)
Will     .....                  (no boots)
Stlth    +.........             (no amulet)
HPRegen  0.09/turn              (no ring)
MPRegen  0.10/turn              (no ring)

@: no status effects
A: AC +5, unfitting armour, cold-blooded
a: no special abilities


You were on level 2 of the Dungeon.
You visited 1 branch of the dungeon, and saw 2 of its levels.

You collected 63 gold pieces.

Inventory:

Jewellery
 e - a ring of positive energy
Scrolls
 a - a scroll of identify {unknown}
 d - a scroll of acquirement {unknown}
Potions
 b - a potion of brilliance {unknown}
 c - a potion of haste {unknown}


   Skills:
 - Level 1.1 Fighting
 - Level 2.0 Dodging
 + Level 3.7 Unarmed Combat
 + Level 2.6 Spellcasting
 + Level 2.7 Transmutations


You had one spell level left.
You knew the following spells:

 Your Spells              Type           Power      Damage    Failure   Level
a - Beastly Appendage     Tmut           16%        N/A       8%          1
b - Wereblood             Tmut           8%         N/A       12%         2
c - Spider Form           Tmut/Pois      2%         N/A       38%         3

Your spell library contained the following spells:

 Spells                   Type           Power      Damage    Failure   Level
 Ice Form                 Ice/Tmut       5%         N/A       80%         4
 Hydra Form               Tmut           4%         N/A       91%         5


Dungeon Overview and Level Annotations

Branches:
Dungeon (2/15)

Altars:


Innate Abilities, Weirdness & Mutations

Your plain brown scales are hard. (AC +5)
You cannot fit into any form of body armour.
You are cold-blooded and may be slowed by cold attacks.


Message History

You punch Robin!
You kill Robin!
You hit the hobgoblin.
Your tail-slap misses the hobgoblin.
The hobgoblin is heavily wounded.
The hobgoblin hits you but does no damage.
You barely miss the hobgoblin.
The hobgoblin is heavily wounded.
You howl as the wereblood boils in your veins!
Your primal bloodlust is almost over.
The goblin hits you with a +0 club.
* * * LOW HITPOINT WARNING * * *
The hobgoblin barely misses you.
You punch the hobgoblin!
You kill the hobgoblin!
The goblin misses you.
You hit the goblin.
You kill the goblin!
You howl as the wereblood boils in your veins!
The goblin unwields a +0 club.
The goblin wields a +0 hunting sling.
The goblin shoots a stone.
The stone hits you but does no damage.
The goblin unwields a +0 hunting sling.
The goblin wields a +0 club.
The goblin misses you.
Things that are here:
a +0 club; a goblin corpse You barely miss the goblin.
You howl as the wereblood boils in your veins!
The goblin barely misses you.
You closely miss the goblin.
The goblin no longer looks unusually strong.
The goblin barely misses you.
You hit the goblin.
You kill the goblin!
You howl as the wereblood boils in your veins!
The goblin unwields a +0 club.
The goblin wields a +0 hunting sling.
The goblin shoots a stone.
The stone hits you.
* * * LOW HITPOINT WARNING * * *
Your primal bloodlust has ended.
The goblin unwields a +0 hunting sling.
The goblin wields a +0 club.
The goblin hits you with a +0 club.
You die...

#.#.# +.#.#
#+#.#.# .#.#.#
..#.#######
#.#.......# #
#.#.......#
#.####)#)......#
#.g@).)........#
#..###.........#
#.. ####......#
#.. ......# ...
......# ###.
.....$# #.
.....(+ #. ....


You could see a goblin.

Vanquished Creatures
  Robin (D:2)
  3 ball pythons (D:1)
  2 endoplasms (D:1)
  11 goblins
  4 hobgoblins
  4 jackals (D:1)
  3 kobolds
  A quokka (D:1)
  4 bats (D:1)
  3 frilled lizards (D:1)
  A rat (D:1)
37 creatures vanquished.

Notes
Turn   | Place    | Note
-------+----------+-------------------------------------------
     0 | D:1      | DocEon the Draconian Transmuter began the quest for the
                  | Orb.
     0 | D:1      | Reached XP level 1. HP: 16/16 MP: 3/3
   157 | D:1      | Reached XP level 2. HP: 19/23 MP: 3/5
   214 | D:1      | Found a faded altar of an unknown god.
   226 | D:1      | Learned a level 2 spell: Wereblood
   914 | D:1      | Reached XP level 3. HP: 26/28 MP: 4/6
   918 | D:1      | Learned a level 3 spell: Spider Form
  1117 | D:2      | Noticed Robin
  1139 | D:2      | Killed Robin
  1148 | D:2      | HP: 1/28 [goblin/stone[Robin] (6)]
  1149 | D:2      | Slain by a goblin

Illustrated notes

Levels and vault maps discovered:
D:1:      minmay_arrival_plants_in_alcoves, layout_loops_ring,
          shapermc_ecumenical_altar_starsandcircs
D:2:      layout_basic, basic_altar, serial_shops, nicolae_shop_behind_doors,
          minmay_misc_feat_tiny, uniq_robin

Skill      XL: |  1 |
---------------+----+-----
Dodging        | 2 |  2.0
Fighting       | |  1.1
Unarmed Combat | |  3.7
Spellcasting   | |  2.6
Transmutations | |  2.7

Action                   || total
-------------------------++-------
Melee: Unarmed           ||   115
       Kick              ||     5
       Tailslap          ||     5
       Headbutt          ||     4
 Cast: Beastly Appendage ||    12
       Wereblood         ||     1
Armor: Skin              ||    31
Dodge: Dodged            ||    86

Table legend: (Time is in decaauts)
 A = Elapsed time spent in this place.
 B = Non-inter-level travel time spent in this place.
 C = Inter-level travel time spent in this place.
 D = Time resting spent in this place.
 E = Time spent auto-exploring this place.
 F = Levels seen in this place.
 G = Mean time per level.
                   A        B        C        D        E       F      G
               +--------+--------+--------+--------+--------+-----+--------+
         Total |   1142 |   1124 |     18 |    191 |    722 |   2 |  571.0 |
       Dungeon |   1142 |   1124 |     18 |    191 |    722 |   2 |  571.0 |
               +--------+--------+--------+--------+--------+-----+--------+

Top non-repeatable levels by time:
     D:1: 1100 daAuts
     D:2: 42 daAuts
